 Dungeon Crawl Stone Soup version 0.23-a0-269-g65e0026 (webtiles) character file.

56 chorionicmirror the Grave Robber (level 3, -1/26 HPs)
             Began as a Demonspawn Necromancer on Sept 30, 2018.
             Slain by a gnoll
             ... wielding a +0 halberd
              (18 damage)
             ... on level 2 of the Dungeon.
             The game lasted 00:06:23 (1515 turns).

chorionicmirror the Grave Robber (DsNe)             Turns: 1515, Time: 00:06:23

Health: -1/26      AC:  4    Str:  9    XL:     3   Next: 71%
Magic:  0/6        EV: 12    Int: 16    God:
Gold:   71         SH:  0    Dex: 13    Spells: 2/6 levels left

rFire    . . .     SeeInvis .   j - +1 whip (elec)
rCold    . . .     Gourm    .   (no shield)
rNeg     . . .     Faith    .   a - +1 robe
rPois    .         Spirit   .   (no helmet)
rElec    .         Reflect  .   (no cloak)
rCorr    .         Harm     .   (no gloves)
MR       .....                  (no boots)
Stlth    ++........             (no amulet)
HPRegen  0.08/turn              (no ring)
MPRegen  0.10/turn              (no ring)

@: no status effects
A: rugged brown scales 1, demonic guardian 1
a: no special abilities


You were on level 2 of the Dungeon.
You were hungry.

You visited 1 branch of the dungeon, and saw 2 of its levels.

You collected 71 gold pieces.

Inventory:

Hand Weapons
 j - a +1 whip of electrocution (weapon)
Armour
 a - a +1 robe (worn)
Scrolls
 e - a scroll of identify
 g - 2 scrolls of teleportation
 i - 2 scrolls of enchant weapon {unknown}
Potions
 d - 3 potions of curing {unknown}
 f - a potion of might
 h - a potion of magic {unknown}
Comestibles
 b - 4 chunks of flesh
 c - 4 rations


   Skills:
 + Level 1.4 Fighting
 - Level 2.0 Dodging
 - Level 2.0 Stealth
 - Level 2.0 Spellcasting
 + Level 0.5 Charms
 * Level 5.3 Necromancy


You had 2 spell levels left.
You knew the following spells:

 Your Spells              Type           Power        Failure   Level  Hunger
a - Pain                  Necr           ###.         2%          1    #......
b - Regeneration          Chrm/Necr      ##........   19%         3    ###....

Your spell library contained the following spells:

 Spells                   Type           Power        Failure   Level  Hunger
 Animate Skeleton         Necr           N/A          2%          1    #......
 Vampiric Draining        Necr           ###.......   7%          3    ###....
 Animate Dead             Necr           N/A          24%         4    #####..


Dungeon Overview and Level Annotations

Branches:
Dungeon (2/15)

Altars:


Innate Abilities, Weirdness & Mutations

You are partially covered in rugged brown scales. (AC +1, +3% HP)
A weak demonic guardian rushes to your aid.


Message History

Aim: a gnoll, wielding a halberd (lightly wounded, chance to defeat MR: 84%)
The gnoll writhes in agony!
Casting: Pain (safe; 2% risk of failure)
Confirm with . or Enter, or press ? or * to list all spells.
Aiming: Pain (safe; 2% risk of failure)
Press: ? - help, Shift-Dir - straight line, f/p - gnoll
Aim: a gnoll, wielding a halberd (moderately wounded, chance to defeat MR: 84%)
The gnoll writhes in agony!
The gnoll barely misses you.
Casting: Pain (safe; 2% risk of failure)
Confirm with . or Enter, or press ? or * to list all spells.
You don't have enough magic to cast that spell.
Unknown command.
Your skin stops crawling.
The gnoll closely misses you. The gnoll hits you with a halberd.
You hit the gnoll.
You kill the gnoll!
The gnoll barely misses you. The gnoll hits you with a halberd!!
Ouch! That really hurt!
You die...

#.........# . #>........#
....#########.........#
....')g@...##.........#
....######.##.........# .
#.##.........#
#.##.........#
#.##....)....#
#.##.........##
#.##...........
############.............#
#.........######'#######.#


You could see a gnoll.

Vanquished Creatures
  A gnoll (D:2)
  A dart slug (D:1)
  4 bats
  3 giant cockroaches
  4 goblins
  A hobgoblin (D:2)
  4 jackals (D:2)
  6 kobolds
  A ball python (D:2)
  2 frilled lizards
  4 rats
31 creatures vanquished.

Vanquished Creatures (collateral kills)
  2 gnolls (D:2)
2 creatures vanquished.

Grand Total: 33 creatures vanquished

Notes
Turn   | Place    | Note
-------+----------+-------------------------------------------
     0 | D:1      | chorionicmirror the Demonspawn Necromancer began the quest
                  | for the Orb.
     0 | D:1      | Reached XP level 1. HP: 13/13 MP: 3/3
   325 | D:1      | Gained mutation: A weak demonic guardian rushes to your
                  | aid. [demonic ancestry]
   325 | D:1      | Reached XP level 2. HP: 18/20 MP: 1/5
   943 | D:2      | Reached skill level 1 in Fighting
   954 | D:2      | Reached skill level 5 in Necromancy
  1171 | D:2      | Gained mutation: You are partially covered in rugged brown
                  | scales. (AC +1, +3% HP) [demonic ancestry]
  1171 | D:2      | Reached XP level 3. HP: 21/26 MP: 6/6
  1223 | D:2      | Learned a level 3 spell: Regeneration
  1515 | D:2      | Slain by a gnoll

Vault maps used:
D:1:      elethiomel_arrival_infinity_welcomes_careful_drivers

Skill      XL: |  1  2 |
---------------+-------+-----
Stealth        | 2 |  2.0
Dodging        | 2 |  2.0
Fighting       | 1 |  1.4
Necromancy     | 5 |  5.3
Spellcasting   | |  2.0
Charms         | |  0.5

Action                   || total
-------------------------++-------
Melee: Unarmed           ||    14
       Whip              ||    11
 Cast: Pain              ||    42
       Regeneration      ||     1
  Use: Scroll            ||     6
  Eat: Chunk             ||     2
Armor: Robe              ||     3
Dodge: Dodged            ||    22

Table legend:
 A = Non-vault XP
 B = Vault XP
 C = Vault XP percentage of total XP
 D = Non-vault monster count
 E = Vault monster count
 F = Vault count percentage of total count
                 A         B        C        D         E       F
            +---------+---------+-------+---------+---------+-------
      Total |      81 |       0 |   0.0 |      33 |       0 |   0.0
            +---------+---------+-------+---------+---------+-------
        D:1 |      26 |       0 |   0.0 |      15 |       0 |   0.0
        D:2 |      55 |       0 |   0.0 |      18 |       0 |   0.0
            +---------+---------+-------+---------+---------+-------
